 Dungeon Crawl Stone Soup version 0.31-a0-210-gccc998df9b (webtiles) character file.

Game seed: 16946081312619119964

79 qw the Shooter (level 4, -2/36 HPs)
             Began as a Minotaur Hexslinger on June 30, 2023.
             Slain by a goblin
             ... wielding a +2 dagger of protection
             ... led by Robin
              (5 damage)
             ... on level 2 of the Dungeon.
             The game lasted 00:00:33 (1477 turns).

qw the Shooter (Minotaur Hexslinger)                Turns: 1477, Time: 00:00:33

Health: -2/36      AC:  2    Str: 12    XL:     4   Next: 17%
Magic:  4/4        EV: 12    Int: 10    God:
Gold:   68         SH:  0    Dex: 15    Spells: 4/5 levels left

rFire   . . .        Y - +1 sling
rCold   . . .        (no shield)
rNeg    . . .        c - +0 robe
rPois   .            (helmet restricted)
rElec   .            (no cloak)
rCorr   .            (no gloves)
SInv    .            (no boots)
Will    .....        (no amulet)
Stlth   +            (no ring)
HPRegen 0.26/turn    (no ring)
MPRegen 0.09/turn

%: no passive effects
@: no status effects
A: horns 2, retaliatory headbutt
a: no special abilities


You were on level 2 of the Dungeon.
You visited 1 branch of the dungeon, and saw 2 of its levels.

You collected 68 gold pieces.


Innate Abilities, Weirdness & Mutations

You have a pair of horns on your head.
You reflexively headbutt those who attack you in melee.


   Skills:
 - Level 2.0 Fighting
 + Level 4.7 Ranged Weapons
 - Level 2.1 Dodging
 - Level 1.0 Spellcasting
 - Level 2.0 Hexes


You had 4 spell levels left.
You knew the following spells:

 Your Spells              Type           Power      Damage    Failure   Level
a - Slow                  Hex            16%        N/A       16%         1

Your spell library contained the following spells:

 Spells                   Type           Power      Damage    Failure   Level
 Inner Flame              Hex/Fire       2%         N/A       56%         3
 Portal Projectile        Hex/Tloc       4%         N/A       56%         3
 Cause Fear               Hex            2%         N/A       83%         4

Inventory:

Hand Weapons
 Y - a +1 sling (weapon)
Armour
 c - a +0 robe (worn)
 h - a +0 ring mail
Jewellery
 i - a ring of see invisible
Scrolls
 a - a scroll of amnesia {unknown}
 b - a scroll of teleportation {unknown}
 e - a scroll of blinking {unknown}
Potions
 d - 2 potions of mutation {unknown}
 f - 2 potions of lignification {unknown}
 g - a potion of degeneration {unknown}
 j - a potion of curing {unknown}

Dungeon Overview and Level Annotations

Branches:
Dungeon (2/15)

Altars:


Message History

Robin hits you but does no damage.
You shoot a sling bullet. The sling bullet hits Robin.
Robin is moderately wounded.
Robin hits you with a +0 dagger.
You shoot a sling bullet. The sling bullet hits Robin.
Robin is heavily wounded.
Robin throws the goblin at you! The goblin misses you.
You shoot a sling bullet. The sling bullet barely misses Robin.
The sling bullet hits the hobgoblin.
The hobgoblin is severely wounded.
Robin barely misses you. The goblin barely misses you.
You shoot a sling bullet. The sling bullet hits Robin.
Robin is severely wounded.
Robin roars a battlecry!
The goblin goes into a battle-frenzy!
The goblin misses you. The goblin barely misses you.
You shoot a sling bullet. The sling bullet barely misses Robin.
The sling bullet hits the hobgoblin!
You kill the hobgoblin!
Robin hits you with a +0 dagger.
The goblin hits you with a +2 dagger of protection.
You shoot a sling bullet.
The sling bullet hits Robin but does no damage.
Robin is severely wounded.
Robin barely misses you. The goblin barely misses you.
You shoot a sling bullet. The sling bullet hits Robin.
Robin is almost dead.
Robin hits you with a +0 dagger. The goblin barely misses you.
You shoot a sling bullet. The sling bullet closely misses Robin.
The sling bullet hits the goblin!
You kill the goblin!
Robin hits you but does no damage.
The goblin hits you with a +2 dagger of protection!
You shoot a sling bullet.
The sling bullet hits Robin but does no damage.
Robin is almost dead.
Robin barely misses you. You furiously retaliate!
You headbutt Robin.
You kill Robin!
The goblin hits you with a +2 dagger of protection.
You die...

###### #....# #....# #####
#####....#####.....#
#...'....'.g@g))....
#.###....#####.....# #.#
#...............
#.#####'###################
#.#.....#
#.............#.###
#.#.....#
#.###########.#.).#
#.#.....# #.# #.#.#.#
#####.#.....###.# #.#.#.#
...............>### #.#.#.#


You could see 2 goblins.

Vanquished Creatures
  Robin (D:2)
  An adder (D:2)
  A worm (D:2)
  2 dart slugs
  4 ball pythons
  2 endoplasms
  2 giant cockroaches
  13 goblins
  11 hobgoblins
  2 quokkas
  3 bats
  5 frilled lizards
  4 kobolds
  8 rats
59 creatures vanquished.

Notes
Turn   | Place    | Note
-------+----------+-------------------------------------------
     0 | D:1      | qw the Minotaur Hexslinger began the quest for the Orb.
     0 | D:1      | Reached XP level 1. HP: 16/16 MP: 1/1
     0 | D:1      | 0 ||| qw: Version: 0.3-a-26-gee661ec
     0 | D:1      | 0 ||| qw: Game counter: 7166
     0 | D:1      | 0 ||| qw: Melee chars always use a shield: true
     0 | D:1      | 0 ||| qw: God list: Okawaru
     0 | D:1      | 0 ||| qw: Allow faded altars: false
     0 | D:1      | 0 ||| qw: Do Orc after clearing Dungeon:15 true
     0 | D:1      | 0 ||| qw: Do second Lair branch before Depths: true
     0 | D:1      | 0 ||| qw: Lair rune preference: random
     0 | D:1      | 0 ||| qw: Goals: Normal
     0 | D:1      | 0 ||| PLANNING D:1-11
   197 | D:1      | Reached skill level 3 in Ranged Weapons
   226 | D:1      | Reached XP level 2. HP: 21/23 MP: 2/2
   751 | D:1      | 751 ||| READING scroll labelled UDARRUYLAO.
   752 | D:1      | 752 ||| DROPPING scroll of poison.
   799 | D:2      | Reached XP level 3. HP: 29/29 MP: 3/3
   830 | D:2      | HP: 7/29 [poisoned by an adder]
   834 | D:2      | HP: 3/29 [poisoned by an adder]
   837 | D:2      | HP: 1/29 [poisoned by an adder]
   912 | D:2      | 912 ||| FLEEEEING.
   979 | D:2      | Reached skill level 4 in Ranged Weapons
  1345 | D:2      | Reached XP level 4. HP: 36/36 MP: 4/4
  1454 | D:2      | Noticed Robin
  1476 | D:2      | HP: 3/36 [goblin/+2 dagger of protection[Robin] (9)]
  1477 | D:2      | Killed Robin
  1477 | D:2      | Slain by a goblin

Levels and vault maps discovered:
D:1:      heliophobic_arrival_enchanted_forest, layout_basic, serial_forest,
          infiniplex_forest_join, infiniplex_forest_end_double,
          infiniplex_forest_lined_2, infiniplex_forest_lined_1,
          infiniplex_forest_3_way, infiniplex_forest_lined_1,
          nrook_mini_backslash, due_unseen_surprise
D:2:      layout_basic, uniq_robin

Skill      XL: |  1  2  3 |
---------------+----------+-----
Ranged Weapons | 3 4 |  4.7
Fighting       | 2 |  2.0
Dodging        | |  2.1
Spellcasting   | |  1.0
Hexes          | |  2.0

Action                     |  1- 3 |  4- 6 || total
---------------------------+-------+-------++-------
   Fire: Sling             |   108 |    23 ||   131
    Use: Scroll            |     1 |       ||     1
 Armour: Robe              |     6 |     4 ||    10
  Dodge: Dodged            |    19 |    20 ||    39

Table legend:
 A = Non-vault XP
 B = Vault XP
 C = Vault XP percentage of total XP
 D = Non-vault monster count
 E = Vault monster count
 F = Vault count percentage of total count
                 A         B        C        D         E       F
            +---------+---------+-------+---------+---------+-------
      Total |      99 |      30 |  23.3 |      50 |       9 |  15.3
            +---------+---------+-------+---------+---------+-------
        D:1 |      40 |       0 |   0.0 |      24 |       0 |   0.0
        D:2 |      59 |      30 |  33.7 |      26 |       9 |  25.7
            +---------+---------+-------+---------+---------+-------
